 Dungeon Crawl Stone Soup version 0.26-a0-649-gf8c6c3aab7 (webtiles) character file.

Game seed: 7187061807992175386

15 DogServant the Caller (level 2, -2/15 HPs)
             Began as a Deep Elf Summoner on Sept 27, 2020.
             Slain by Jessica
             ... wielding a +0 club
              (6 damage)
             ... on level 2 of the Dungeon.
             The game lasted 00:01:39 (1837 turns).

DogServant the Caller (Deep Elf Summoner)           Turns: 1837, Time: 00:01:39

Health: -2/15      AC:  2    Str:  5    XL:     2   Next: 34%
Magic:  7/8        EV: 13    Int: 19    God:
Gold:   52         SH:  0    Dex: 15    Spells: 5/8 levels left

rFire    + . .     SeeInvis .   c - +0 hand axe
rCold    x . .     Faith    .   (no shield)
rNeg     . . .     Spirit   .   a - +0 robe
rPois    .         Reflect  .   (no helmet)
rElec    .         Harm     .   (no cloak)
rCorr    .         Rampage  .   (no gloves)
MR       .....                  (no boots)
Stlth    ++........             (no amulet)
HPRegen  0.05/turn              i - ring of wizardry
MPRegen  0.11/turn              k - ring of fire

@: no status effects
A: no striking features
a: no special abilities


You were on level 2 of the Dungeon.
You visited 1 branch of the dungeon, and saw 2 of its levels.

You collected 52 gold pieces.

Inventory:

Hand Weapons
 c - a +0 hand axe (weapon)
Armour
 a - a +0 robe (worn)
 l - a +0 cloak
Jewellery
 i - a ring of wizardry (left hand)
 k - a ring of fire (right hand)
 m - an uncursed ring of protection from fire {unknown}
Scrolls
 d - a scroll of amnesia {unknown}
 e - 3 scrolls of identify {unknown}
 f - 3 scrolls of remove curse {unknown}
 g - a scroll of teleportation {unknown}
 j - a scroll of noise {unknown}
Potions
 b - a potion of stabbing {unknown}
 h - a potion of heal wounds {unknown}
 n - a potion of lignification {unknown}
 o - a potion of resistance {unknown}


   Skills:
 - Level 0.2 Axes
 + Level 2.6 Dodging
 - Level 2.4 Stealth
 + Level 3.5 Spellcasting
 + Level 4.7 Summonings


You had 5 spell levels left.
You knew the following spells:

 Your Spells              Type           Power        Failure   Level
a - Summon Small Mammal   Summ           ###.         1%          1
b - Call Imp              Summ           ###.....     1%          2

Your spell library contained the following spells:

 Spells                   Type           Power        Failure   Level
 Call Canine Familiar     Summ           ###.....     2%          3
 Summon Guardian Golem    Hex/Summ       ##......     7%          3
 Summon Ice Beast         Ice/Summ       ##......     22%         4
 Summon Lightning Spire   Summ/Air       ##......     22%         4


Dungeon Overview and Level Annotations

Branches:
Dungeon (2/15)

Altars:
Okawaru

Annotations:
D:2 Jessica


Message History

You hit Jessica but do no damage.
Jessica is severely wounded.
Jessica barely misses you. Jessica hits you with a +0 club.
You hit Jessica but do no damage.
Jessica is severely wounded.
Jessica hits you but does no damage. Jessica hits you with a +0 club.
You barely miss Jessica.
Jessica is severely wounded.
Jessica hits you with a +0 club.
* * * LOW HITPOINT WARNING * * *
You hit Jessica but do no damage.
Jessica is severely wounded.
Jessica closely misses you. Jessica misses you.
You barely miss Jessica.
Jessica is severely wounded.
Jessica closely misses you. Jessica barely misses you.
Casting: Summon Small Mammal (safe; 1% risk of failure)
Confirm with . or Enter, or press ? or * to list all spells.
Jessica hits you with a +0 club.
You die...

##.## ##...........# #.#
#..###....♣.......# #.#
##..[..♣♣♣♣♣..###.####(#
#..♣♣..♣ ♣♣♣♣##.......#
#..♣♣♣♣♣♣♣....#.#######
#..♣ ♣♣♣..♣♣..#[# ##..
♣.♣♣♣.♣♣...# #.♣♣
$..♣r♣....# #.♣
♣.♣@♣.♣..# #.♣ ♣@♣♣♣...#
♣♣♣♣....# ♣♣♣.....#
♣.÷#....# #...#.###
###...# #####


You could see Jessica (fast) and a friendly rat (summoned).

Vanquished Creatures
  A dart slug (D:1)
  A ball python (D:2)
  2 bats (D:2)
  A hobgoblin (D:1)
  A frilled lizard (D:1)
  2 kobolds (D:1)
  2 rats
10 creatures vanquished.

Vanquished Creatures (collateral kills)
  2 bats
  A goblin (D:1)
  A hobgoblin (D:1)
  A quokka (D:2)
  A frilled lizard (D:2)
  A kobold (D:1)
7 creatures vanquished.

Grand Total: 17 creatures vanquished

Notes
Turn   | Place    | Note
-------+----------+-------------------------------------------
     0 | D:1      | DogServant the Deep Elf Summoner began the quest for the
                  | Orb.
     0 | D:1      | Reached XP level 1. HP: 10/10 MP: 6/6
   771 | D:1      | Reached XP level 2. HP: 13/15 MP: 8/8
   894 | D:1      | Learned a level 2 spell: Call Imp
  1064 | D:2      | Found an iron altar of Okawaru.
  1824 | D:2      | Noticed Jessica
  1837 | D:2      | Slain by Jessica

Illustrated notes

Levels and vault maps discovered:
D:1:      minmay_arrival_arboretum_small, layout_rooms
D:2:      layout_basic, okawaru_trees_2, chequers_ecumenical_altar_grove,
          uniq_jessica

Action                   || total
-------------------------++-------
Melee: Hand axe          ||    55
       Unarmed           ||     5
 Cast: Summon Small Mamm ||    13
 Stab: Sleeping          ||     2
       Distracted        ||     1
Armor: Robe              ||    21
Dodge: Dodged            ||    65

Table legend: (Time is in decaauts)
 A = Elapsed time spent in this place.
 B = Non-inter-level travel time spent in this place.
 C = Inter-level travel time spent in this place.
 D = Time resting spent in this place.
 E = Time spent auto-exploring this place.
 F = Levels seen in this place.
 G = Mean time per level.
                   A        B        C        D        E       F      G
               +--------+--------+--------+--------+--------+-----+--------+
         Total |   1851 |   1824 |     27 |   1013 |    609 |   2 |  925.5 |
       Dungeon |   1851 |   1824 |     27 |   1013 |    609 |   2 |  925.5 |
               +--------+--------+--------+--------+--------+-----+--------+

Top non-repeatable levels by time:
     D:2: 928 daAuts
     D:1: 923 daAuts
